 Dungeon Crawl Stone Soup version 0.21.1-1-g345015f (webtiles) character file.

144 GreamJoe the Insei (level 5, -9/40 HPs)
             Began as a Draconian Transmuter on Feb 14, 2018.
             Mangled by a gnoll
             ... wielding a +0 whip
              (10 damage)
             ... on level 3 of the Dungeon.
             The game lasted 00:11:29 (2734 turns).

GreamJoe the Insei (Draconian Transmuter)           Turns: 2734, Time: 00:11:30

Health: -9/40      AC:  5    Str: 12    XL:     5   Next: 5%
Magic:  8/8        EV: 13    Int: 14    God:
Gold:   111        SH:  0    Dex: 16    Spells: 8/9 levels left

rFire    . . .     SeeInvis .     - Unarmed
rCold    . . .     Gourm    .   (no shield)
rNeg     + . .     Faith    .   (armour unavailable)
rPois    .         Spirit   .   (helmet restricted)
rElec    .         Reflect  .   (no cloak)
rCorr    .         Harm     .   (no gloves)
MR       .....                  (no boots)
Stlth    ++........             (no amulet)
HPRegen  0.13/turn              f - +4 ring of dexterity
MPRegen  0.11/turn              h - ring of positive energy

@: lethally poisoned (-9 -> -10), appendage (expiring), flying
A: unfitting armour, horns 2, cold-blooded, AC +5
a: End Transformation


You were on level 3 of the Dungeon.
You were not hungry.
You had grown temporary horns.
You visited 1 branch of the dungeon, and saw 3 of its levels.

You collected 111 gold pieces.

Inventory:

Hand Weapons
 e - a +0 dagger
Missiles
 a - 29 arrows
Armour
 p - a +0 robe
Jewellery
 f - a +4 ring of dexterity (left hand)
 h - a ring of positive energy (right hand)
Scrolls
 d - 2 scrolls of fog {unknown}
 g - a scroll of enchant weapon {unknown}
 i - 2 scrolls of remove curse {unknown}
 k - 5 scrolls of identify {unknown}
 l - a scroll of magic mapping {unknown}
 o - a scroll of teleportation {unknown}
 q - a scroll of blinking {unknown}
 r - a scroll of amnesia {unknown}
 s - a scroll of immolation {unknown}
Potions
 j - a potion of flight
 m - a potion of curing {unknown}
 n - a potion of agility {unknown}
Books
 b - a book of Changes

   Spells                             Type                      Level
   a - Beastly Appendage              Transmutation                1
   b - Sticks to Snakes               Transmutation                2
   c - Spider Form                    Transmutation/Poison         3
   d - Ice Form                       Ice/Transmutation            4
   e - Blade Hands                    Transmutation                5
Comestibles
 c - 3 rations


   Skills:
 + Level 1.2 Fighting
 + Level 2.9 Dodging
 + Level 0.6 Stealth
 + Level 3.8 Unarmed Combat
 + Level 2.5 Spellcasting
 + Level 3.1 Transmutations


You had 8 spell levels left.
You knew the following spells:

 Your Spells              Type           Power        Failure   Level  Hunger
a - Beastly Appendage     Tmut           ##....       6%          1    #......


Dungeon Overview and Level Annotations

Branches:
Dungeon (3/15)

Altars:

Annotations:
D:3 Grinder


Innate Abilities, Weirdness & Mutations

Your plain brown scales are hard. (AC +5)
You cannot fit into any form of body armour.
You are cold-blooded and may be slowed by cold attacks.
You have a pair of horns on your head.


Message History

You closely miss Grinder.
Grinder is heavily wounded.
Grinder barely misses you. The gnoll hits you but does no damage.
You hit Grinder. You headbutt Grinder!
Grinder is severely wounded.
Your transformation is almost over.
Grinder hits you but does no damage.
The gnoll hits you from afar with a spear.
You hit Grinder but do no damage. You headbutt Grinder, but do no damage.
Grinder is severely wounded.
Grinder hits you but does no damage.
The gnoll hits you from afar with a spear!
* * * LOW HITPOINT WARNING * * *
You feel sick.
Grinder blinks!
The gnoll barely misses you. The gnoll hits you with a club.
* * * LOW HITPOINT WARNING * * *
It was a potion of flight.
You feel very buoyant.
You fly up into the air.
The gnoll misses you. The gnoll hits you with a whip!
You die...

..######## ..#.......
.........### ...........#
#. #..........## #.
##.........##. #.#
#.......g####.###.####
..#..#.gg@5.#........#
#..#...##.#.....>..# ..
#..................###>.
##.#..†##.............#.
#.##.## ##.......##.#. #
#.######.......##.#. #.
#.#............##.#.
###.##.#.......#.#####.#.
###......#.......#.#####.#.


You could see Grinder and 3 gnolls.

Vanquished Creatures
  Jessica (D:2)
  2 worker ants
  An adder (D:2)
  3 dart slugs (D:2)
  4 worms
  An orc (D:3)
  4 ball pythons
  6 bats (D:2)
  3 giant cockroaches
  4 goblins
  5 hobgoblins
  5 kobolds
  6 frilled lizards
  3 rats
48 creatures vanquished.

Notes
Turn   | Place    | Note
-------+----------+-------------------------------------------
     0 | D:1      | GreamJoe the Draconian Transmuter began the quest for the Orb.
     0 | D:1      | Reached XP level 1. HP: 16/16 MP: 3/3
   613 | D:1      | Reached XP level 2. HP: 9/23 MP: 3/5
  1361 | D:2      | Reached XP level 3. HP: 15/28 MP: 6/6
  1792 | D:2      | Noticed Jessica
  1804 | D:2      | Killed Jessica
  1804 | D:2      | Reached XP level 4. HP: 29/35 MP: 7/7
  2720 | D:3      | Reached XP level 5. HP: 25/40 MP: 6/8
  2721 | D:3      | Noticed Grinder
  2733 | D:3      | HP: 1/40 [gnoll/club (5)]
  2734 | D:3      | Mangled by a gnoll

Skill      XL: |  1  2  3  4 |
---------------+-------------+-----
Dodging        | 2 |  2.9
Transmutations | 3 |  3.1
Fighting       | |  1.2
Stealth        | |  0.6
Unarmed Combat | |  3.8
Spellcasting   | |  2.5

Action                   |  1- 3 |  4- 6 || total
-------------------------+-------+-------++-------
Melee: Unarmed           |   110 |    61 ||   171
       Tailslap          |    18 |     7 ||    25
       Kick              |     9 |     1 ||    10
       Headbutt          |    11 |     9 ||    20
       Punch             |     1 |     2 ||     3
 Cast: Beastly Appendage |    17 |     6 ||    23
  Use: Potion            |       |     1 ||     1
 Stab: Sleeping          |     1 |       ||     1
  Eat: Ration            |     1 |     1 ||     2
Armor: Skin              |    45 |    12 ||    57
Dodge: Dodged            |   103 |    55 ||   158
